 Dungeon Crawl Stone Soup version 0.30-a0-335-ge5acde7520 (webtiles) character file.

Game seed: 4818083527905581452

836 Lobster4 the Stinger (level 7, -7/56 HPs)
             Began as a Hill Orc Wanderer on Oct 30, 2022.
             Was a Believer of Okawaru.
             Mangled by a black bear (9 damage)
             ... on level 5 of the Dungeon.
             The game lasted 00:17:28 (4252 turns).

Lobster4 the Stinger (Hill Orc Wanderer)            Turns: 4252, Time: 00:17:29

Health: -7/56      AC:  4    Str: 17    XL:     7   Next: 99%
Magic:  10/10      EV: 12    Int: 13    God:    Okawaru [**....]
Gold:   97         SH:  0    Dex:  9    Spells: 9/10 levels left

rFire   . . .      SeeInvis .    a - +1 scythe (flame)
rCold   . . .      Faith    .    (shield currently unavailable)
rNeg    . . .      Spirit   .    s - +2 robe
rPois   .          Reflect  .    (no helmet)
rElec   .          Harm     .    (no cloak)
rCorr   .          Rampage  .    (no gloves)
Will    .....                    (no boots)
Stlth   +.........               i - amulet of magic regeneration
HPRegen 0.29/turn                (no ring)
MPRegen 0.52/turn                (no ring)

@: no status effects
A: no striking features
a: Renounce Religion, Heroism


You were on level 5 of the Dungeon.
You worshipped Okawaru.
Okawaru was pleased with you.
You visited 1 branch of the dungeon, and saw 5 of its levels.

You collected 229 gold pieces.
You spent 132 gold pieces at shops.

Inventory:

Hand Weapons
 a - a +1 scythe of flaming (weapon)
 b - a +0 arbalest
 p - a +0 trident
 q - a +1 dagger of venom
 y - a +0 sling
 z - the +2 whip of the Fox {venom, *Corrode rF+ rN+}
   (You found it on level 3 of the Dungeon)

   It poisons the flesh of those it strikes.
   rF:        It protects you from fire.
   rN:        It protects you from negative energy.
   *Corrode:  It may corrode you when you take damage.
 D - a +0 hand axe
 G - a +1 whip of electrocution
Missiles
 C - 5 boomerangs
 E - 12 poisoned darts (quivered)
 H - 3 stones
Armour
 c - a +0 scale mail
 j - a +0 ring mail
 n - a +0 leather armour
 s - a +2 robe (worn)
 v - a +0 buckler
Jewellery
 i - an amulet of magic regeneration (around neck)
Wands
 h - a wand of digging (2)
 B - a wand of light (2)
Scrolls
 e - a scroll of brand weapon {unknown}
 k - a scroll of fear {unknown}
 l - a scroll of teleportation
 o - 5 scrolls of identify {unknown}
 r - a scroll of noise {unknown}
 t - a scroll of magic mapping {unknown}
 w - a scroll of vulnerability {unknown}
 x - 5 scrolls of poison {unknown}
 A - a scroll of immolation {unknown}
 F - 2 scrolls of enchant armour {unknown}
Potions
 d - a potion of heal wounds
 f - a potion of resistance {unknown}
 g - 3 potions of curing
 u - 4 potions of brilliance {unknown}


   Skills:
 + Level 2.9 Fighting
 + Level 0.2 Maces & Flails
 - Level 2.0 Polearms
 + Level 1.8 Ranged Weapons
 - Level 1.0 Throwing
 + Level 3.3 Armour
 - Level 3.0 Dodging
 + Level 1.8 Shields
 + Level 2.0 Spellcasting
 - Level 1.0 Transmutations
 - Level 2.0 Ice Magic
 - Level 4.0 Poison Magic
 + Level 2.3 Invocations
 - Level 3.0 Evocations


You had 9 spell levels left.
You knew the following spells:

 Your Spells              Type           Power      Damage    Failure   Level
a - Sting                 Tmut/Pois      28%        1d4       9%          1

Your spell library contained the following spells:

 Spells                   Type           Power      Damage    Failure   Level
 Freeze                   Ice            24%        1d4       11%         1
 Poisonous Vapours        Pois/Air       12%        N/A       17%         2
 Spider Form              Tmut/Pois      7%         N/A       26%         3
 Frozen Ramparts          Ice            12%        1d2       32%         3
 Ignite Poison            Fire/Tmut/Pois 5%         N/A       36%         3
 Sticky Flame             Conj/Fire      1%         2d3       94%         4
 Ignition                 Fire           0%         3d3       100%        8


Dungeon Overview and Level Annotations

Branches:
Dungeon (5/15)
 Temple: D:4-7

Altars:
Okawaru
Ru
Yredelemnul

Shops:
D:3 !

Annotations:
D:3 Grinder
D:4 1 runed translucent door, Crazy Yiuf


Message History

The black bear bites you! The black bear misses you. The black bear claws you.
You hit the black bear. You burn the black bear.
The black bear is moderately wounded.
The black bear misses you. The black bear barely misses you.
The black bear claws you but does no damage.
You hit the black bear. You burn the black bear.
The black bear is heavily wounded.
The black bear bites you. The black bear claws you.
The black bear barely misses you.
The black bear bites you but does no damage.
The black bear claws you.
The black bear claws you but does no damage.
You hit the black bear but do no damage.
The black bear is heavily wounded.
The black bear closely misses you. The black bear barely misses you. x2
You hit the black bear. You burn the black bear.
The black bear is almost dead.
The black bear goes berserk!
You barely miss the black bear.
The black bear is almost dead.
The black bear closely misses you. The black bear completely misses you.
The black bear claws you. The black bear closely misses you.
The black bear claws you. x2
You hit the black bear. You burn the black bear.
The black bear is almost dead.
The black bear barely misses you. x2; The black bear claws you.
The black bear closely misses you.
The black bear claws you but does no damage.
The black bear claws you. The black bear bites you!
The black bear claws you but does no damage.
The black bear claws you.
* * * LOW HITPOINT WARNING * * *
You closely miss the black bear.
The black bear is almost dead.
The black bear bites you!
* * * LOW HITPOINT WARNING * * *
The black bear claws you.
* * * LOW HITPOINT WARNING * * *
The black bear barely misses you. The black bear bites you!
You die...

#. ..... .. #....# ...
## .. #.... .. .. #.
#....... #.##. #...#.#
###...( #.....
..>.?.h#########
#...###
#....@.......####.....
#....######.........##
#.... ##..###..###
##### ####.....#.#
#....###...##
.....#### ##...# .###
#####


You could see a black bear (berserk).

Vanquished Creatures
  Pikel (D:4)
  Sigmund (D:2)
  Terence (D:2)
  7 adders
  3 gnolls
  2 worms
  3 dart slugs (D:3)
  3 orcs
  6 ball pythons
  6 bats
  6 endoplasms
  A giant cockroach (D:3)
  10 goblins
  5 hobgoblins
  9 jackals
  8 kobolds
  2 quokkas (D:1)
  3 frilled lizards
  5 rats
  A spectral hobgoblin (D:1)
83 creatures vanquished.

Notes
Turn   | Place    | Note
-------+----------+-------------------------------------------
     0 | D:1      | Lobster4 the Hill Orc Wanderer began the quest for the Orb.
     0 | D:1      | Lobster4 set off with the following items: a +0 club, a
                  | scroll of blinking, a +0 scale mail; and the following
                  | spells available to memorise: Sting, Freeze, Poisonous
                  | Vapours, Spider Form, Frozen Ramparts.
     0 | D:1      | Reached XP level 1. HP: 14/14 MP: 2/2
     2 | D:1      | Learned a level 1 spell: Sting
   169 | D:1      | Reached XP level 2. HP: 17/20 MP: 3/3
   492 | D:1      | Found a faded altar of an unknown god.
   900 | D:1      | Reached XP level 3. HP: 24/25 MP: 4/4
  1324 | D:2      | Noticed Terence
  1485 | D:2      | Killed Terence
  1486 | D:2      | Reached skill level 1 in Fighting
  1486 | D:2      | Reached XP level 4. HP: 35/35 MP: 5/5
  1512 | D:2      | Reached skill level 3 in Poison Magic
  1695 | D:2      | Noticed Sigmund
  1699 | D:2      | Killed Sigmund
  1700 | D:2      | Reached skill level 1 in Throwing
  1700 | D:2      | Reached XP level 5. HP: 41/41 MP: 5/7
  1700 | D:2      | Reached XP level 6. HP: 48/48 MP: 5/8
  2199 | D:2      | Reached skill level 1 in Ranged Weapons
  2491 | D:3      | Identified the +2 whip of the Fox {venom, *Corrode rF+ rN+}
  2563 | D:3      | Found an iron altar of Okawaru.
  2617 | D:3      | Found a basalt altar of Yredelemnul.
  2624 | D:3      | Became a worshipper of Warmaster Okawaru
  2814 | D:3      | Found Pokaes's Distillery.
  2818 | D:3      | Bought a potion of degeneration for 11 gold pieces
  2821 | D:3      | Bought a potion of mutation for 88 gold pieces
  2918 | D:3      | Found a sacrificial altar of Ru.
  3166 | D:3      | Bought a potion of attraction for 33 gold pieces
  3190 | D:4      | Noticed Grinder
  3364 | D:4      | Noticed Pikel
  3584 | D:4      | Killed Pikel
  3584 | D:4      | Reached * piety under Okawaru
  3584 | D:4      | Reached ** piety under Okawaru
  3585 | D:4      | Reached skill level 1 in Shields
  3585 | D:4      | Reached skill level 1 in Transmutations
  3585 | D:4      | Reached skill level 4 in Poison Magic
  3585 | D:4      | Reached XP level 7. HP: 53/56 MP: 8/10
  3955 | D:4      | Found a runed translucent door.
  3956 | D:4      | Noticed Crazy Yiuf
  4201 | D:5      | Entered Level 5 of the Dungeon
  4252 | D:5      | HP: 2/56 [black bear (2)]
  4252 | D:5      | Mangled by a black bear

Illustrated notes

Levels and vault maps discovered:
D:1:      lightli_arrival_quake, layout_basic,
          dreamdust_ecumenical_altar_drowned_temple, hangedman_decor_slide_cut
D:2:      minmay_inner_zag, layout_basic, grunt_ministairs_8, uniq_sigmund,
          uniq_terence
D:3:      layout_loops_ring, nicolae_ru_path_of_blood,
          chequers_temple_overflow_statue_of_worship, serial_shops,
          nicolae_shop_stone, kennysheep_generic_room_11
D:4:      layout_rooms, uniq_grinder, uniq_pikel, uniq_crazy_yiuf_cottage
D:5:      layout_rooms, tso_metal_star, uniq_eustachio

Skill      XL: |  1  2  3  4  5  6 |
---------------+-------------------+-----
Fighting       | 1 2 |  2.9
Poison Magic   | 3 4 |  4.0
Armour         | 2 3 |  3.3
Throwing       | 1 |  1.0
Dodging        | 3 |  3.0
Evocations     | 2 3 |  3.0
Ranged Weapons | 1 |  1.8
Ice Magic      | 2 |  2.0
Polearms       | 2 |  2.0
Shields        | 1 |  1.8
Spellcasting   | 2 |  2.0
Transmutations | 1 |  1.0
Invocations    | 2 |  2.3
Maces & Flails | |  0.2

Action                   |  1- 3 |  4- 6 |  7- 9 || total
-------------------------+-------+-------+-------++-------
Melee: Club              |   125 |       |       ||   125
       Punch             |     3 |       |       ||     3
       Trident           |    31 |    14 |       ||    45
       Halberd           |       |   141 |    46 ||   187
Throw: Dart              |     4 |    14 |     8 ||    26
       Boomerang         |       |    11 |       ||    11
       Stone             |       |     6 |       ||     6
 Cast: Sting             |     4 |     1 |     4 ||     9
  Use: Scroll            |     1 |     2 |       ||     3
       Potion            |       |     2 |       ||     2
Armor: Scale mail        |    63 |       |       ||    63
       Leather armour    |    18 |    18 |       ||    36
       Ring mail         |       |    19 |     2 ||    21
       Robe              |       |       |    19 ||    19
Dodge: Dodged            |   113 |   140 |    41 ||   294

Table legend: (Time is in decaauts)
 A = Elapsed time spent in this place.
 B = Non-inter-level travel time spent in this place.
 C = Inter-level travel time spent in this place.
 D = Time resting spent in this place.
 E = Time spent auto-exploring this place.
 F = Levels seen in this place.
 G = Mean time per level.
                   A        B        C        D        E       F      G
               +--------+--------+--------+--------+--------+-----+--------+
         Total |   4399 |   4116 |    283 |    414 |   2543 |   5 |  879.8 |
       Dungeon |   4399 |   4116 |    283 |    414 |   2543 |   5 |  879.8 |
               +--------+--------+--------+--------+--------+-----+--------+

Top non-repeatable levels by time:
     D:2: 1299 daAuts
     D:1: 1191 daAuts
     D:3: 1122 daAuts
     D:4: 731 daAuts
     D:5: 53 daAuts
